 Dungeon Crawl Stone Soup version 0.25-a0-80-g9b55229ae5 (webtiles) character file.

Game seed: 17159479853897294647, levelgen mode: deterministic

66133 pianissimo the Basher (level 15, -1/107 HPs)
             Began as an Octopode Conjurer on Nov 7, 2019.
             Was a High Priest of Okawaru.
             Killed from afar by a deep elf mage (40 damage)
             ... with a stone arrow
             ... on level 14 of the Dungeon.
             The game lasted 01:36:37 (40475 turns).

pianissimo the Basher (Octopode Conjurer)          Turns: 40475, Time: 01:36:38

Health: -1/107     AC:  1    Str: 12    XL:     15   Next: 18%
Magic:  30/36      EV: 25    Int: 18    God:    Okawaru [*****.]
Gold:   1307       SH: 11    Dex: 17    Spells: 7/30 levels left

rFire    + . .     SeeInvis +   P - +4 eveningstar (drain)
rCold    . . .     Gourm    .   z - +3 buckler
rNeg     . . .     Faith    .   (helmet restricted)
rPois    +         Spirit   .   Z - amulet of regeneration
rElec    .         Reflect  .   i - ring of magical power
rCorr    .         Harm     .   Q - ring of protection from fire
MR       .....                  n - +3 ring of dexterity
Stlth    +++++.....             N - ring of see invisible
HPRegen  1.67/turn              (no ring)
MPRegen  0.25/turn              (no ring)
                                S - ring of poison resistance
                                (no ring)

@: about to teleport, vulnerable, heroism, very slightly contaminated,
regenerating
A: almost no armour, stealthy swim, amphibious, 8 rings, constrict 8, camouflage
1, gelatinous body 1
a: Heroism, Finesse, Renounce Religion


You were on level 14 of the Dungeon.
You worshipped Okawaru.
Okawaru was extremely pleased with you.
You were not hungry.

You visited 3 branches of the dungeon, and saw 21 of its levels.
You also visited: Gauntlet.

You collected 1740 gold pieces.
You spent 433 gold pieces at shops.

Inventory:

Hand Weapons
 P - a +4 eveningstar of draining (weapon)
 R - a +1 demon trident of draining
Missiles
 g - 3 curare-tipped darts (quivered)
 k - 3 throwing nets {!f}
 l - 551 arrows
 E - 24 silver javelins
Armour
 z - a +3 buckler (worn)
 H - a +4 shield of protection
Jewellery
 h - an uncursed ring of ice
 i - a ring of magical power (left tentacle)
 n - a +3 ring of dexterity (on tentacle)
 p - an uncursed ring of ice
 F - an uncursed ring of ice
 N - a ring of see invisible (on tentacle)
 Q - a ring of protection from fire (right tentacle)
 S - a ring of poison resistance (on tentacle)
 T - an uncursed amulet of magic regeneration
 Z - an amulet of regeneration (around mantle)
Wands
 t - a wand of clouds (5)
 y - a wand of paralysis (12)
 J - a wand of acid (3)
 O - a wand of flame (9)
 U - a wand of disintegration (11)
Scrolls
 c - 2 scrolls of fog
 f - 5 scrolls of magic mapping
 v - 3 scrolls of teleportation {@r3}
 x - 2 scrolls of blinking
 K - a scroll of holy word {unknown}
 L - 3 scrolls of remove curse {@r2}
 V - 2 scrolls of vulnerability
 W - a scroll of acquirement
Potions
 d - 3 potions of mutation
 e - a potion of magic {unknown}
 j - a potion of cancellation
 o - 2 potions of heal wounds {unknown}
 q - a potion of might
 r - 2 potions of agility
 u - 5 potions of flight
 w - 2 potions of berserk rage
 A - 5 potions of curing {@q1}
 B - a potion of resistance
 G - 5 potions of brilliance
 I - 2 potions of lignification {unknown}
 M - 2 potions of invisibility
 Y - 3 potions of haste {unknown}
Miscellaneous
 m - a fan of gales
 s - a phial of floods
 C - a lamp of fire
 D - a box of beasts
Comestibles
 b - 28 rations


   Skills:
 * Level 11.3(16.3) Fighting
 - Level 11.8(17.0) Maces & Flails
 - Level 4.6(10.1) Polearms
   Level 3.2(13.9) Staves
 - Level 11.0(16.0) Dodging
 - Level 2.6(7.6) Stealth
 * Level 7.9(12.9) Shields
 - Level 8.0 Spellcasting
 - Level 4.0 Conjurations
 - Level 1.4 Hexes
 - Level 2.0 Charms
 - Level 8.0 Summonings
 - Level 2.0 Necromancy
 - Level 4.0 Air Magic
 - Level 1.1 Poison Magic
 + Level 5.5 Invocations
 - Level 7.0 Evocations


You had 7 spell levels left.
You knew the following spells:

 Your Spells              Type           Power        Failure   Level  Hunger
a - Mephitic Cloud        Conj/Pois/Air  ###.....     9%          3    #......
b - Regeneration          Chrm/Necr      ##........   13%         3    #......
c - Silence               Hex/Air        ###.......   65%         5    #####..
d - Call Imp              Summ           #####...     1%          2    None
e - Call Canine Familiar  Summ           #####...     1%          3    #......
f - Summon Lightning Spi  Summ/Air       ####....     9%          4    ###....
g - Animate Skeleton      Necr           N/A          4%          1    None
h - Apportation           Tloc           #.....       10%         1    None
i - Confusing Touch       Hex            ##....       5%          1    None

Your spell library contained the following spells:

 Spells                   Type           Power        Failure   Level  Hunger
 Magic Dart               Conj           ###.         1%          1    None
 Summon Small Mammal      Summ           ####         1%          1    None
 Searing Ray              Conj           ###...       2%          2    None
 Flame Tongue             Conj/Fire      ##...        4%          1    None
 Pain                     Necr           ##..         4%          1    None
 Poisonous Vapours        Pois/Air       ###...       4%          2    None
 Summon Guardian Golem    Hex/Summ       ###.....     4%          3    #......
 Corpse Rot               Necr           N/A          6%          2    None
 Sublimation of Blood     Necr           ##........   6%          2    None
 Throw Flame              Conj/Fire      ##....       6%          2    None
 Dazzling Spray           Conj/Hex       ###...       10%         3    #......
 Conjure Flame            Conj/Fire      ##......     13%         3    #......
 Vampiric Draining        Necr           ##........   13%         3    #......
 Iskenderun's Mystic Bla  Conj           ###.....     19%         4    ###....
 Summon Ice Beast         Ice/Summ       ###.....     19%         4    ###....
 Inner Flame              Hex/Fire       #.......     22%         3    #......
 Fulminant Prism          Conj/Hex       ###.......   32%         4    ###....
 Animate Dead             Necr           N/A          38%         4    ###....
 Force Lance              Conj/Tloc      ##......     38%         4    ###....
 Sticky Flame             Conj/Fire      ##......     38%         4    ###....
 Cause Fear               Hex            ##........   50%         4    ###....
 Leda's Liquefaction      Hex/Erth       #.........   58%         4    ###....
 Bolt of Draining         Conj/Necr      ###.......   61%         5    #####..
 Agony                    Necr           ##......     75%         5    #####..
 Dispel Undead            Necr           ##......     75%         5    #####..
 Excruciating Wounds      Chrm/Necr      ##........   75%         5    #####..
 Fireball                 Conj/Fire      ##........   75%         5    #####..
 Bolt of Magma            Conj/Fire/Erth ##........   85%         5    #####..
 Yara's Violent Unravell  Hex/Tmut       #.........   90%         5    #####..
 Deflect Missiles         Chrm/Air       ###.......   99%         6    ######.
 Freezing Cloud           Conj/Ice/Air   ###.......   99%         6    ######.
 Iron Shot                Conj/Erth      ##........   100%        6    ######.
 Statue Form              Tmut/Erth      #........    100%        6    ######.
 Ring of Flames           Chrm/Fire      ##........   100%        7    #######
 Discord                  Hex            ##........   100%        8    #######
 Shatter                  Erth           #.........   100%        9    #######


Dungeon Overview and Level Annotations

Branches:
Dungeon (14/15)            Temple (1/1) D:4            Lair (6/6) D:9
 Shoals (0/4) Lair:2        Slime (0/5) Lair:6          Orc (0/2) D:10
 Vaults (0/5) D:13        Gauntlet (visited)
  Snake: Lair:2-4    Spider: Lair:2-4

Altars:
Ashenzari
Cheibriados
Dithmenos
Elyvilon
Fedhas
Gozag
Hepliaklqana
Kikubaaqudgha
Makhleb
Nemelex Xobeh
Okawaru
Qazlal
Ru
Sif Muna
Trog
Uskayaw
Vehumet
Wu Jian
Xom
Yredelemnul
Zin
The Shining One
Jiyva

Shops:
D:4 *

Annotations:
D:8 exclusion: orange crystal statue
D:14 Josephine
Lair:3 Rupert
Lair:4 exclusion: 3 oklob plants


Innate Abilities, Weirdness & Mutations

You cannot wear most types of armour.
You are very stealthy in the water. (Stealth+)
You are amphibious.
You can wear up to eight rings at the same time.
You can use your tentacles to constrict eight enemies at once.
Your skin changes colour to match your surroundings (Stealth+).
Your rubbery body absorbs attacks. (AC +1, EV +1)


Message History

Okay, then.
Your surroundings suddenly seem different.
Found a chain mail.
Casting: Summon Lightning Spire (safe; 9% risk of failure)
Your skin crawls.
Casting: Regeneration (safe; 13% risk of failure)
You miscast Regeneration.
You are very lightly contaminated with residual magic.
You hear strange and distant voices.
Casting: Regeneration (safe; 13% risk of failure)
Your skin crawls.
Aiming: Paralyse
Aim: a deep elf mage, wielding a +0 long sword (chance to defeat MR: 50%)
The deep elf mage resists with some effort.
You block the deep elf mage's attack.
As you read the scroll of teleportation {@r3}, it crumbles to dust.
You feel strangely unstable. The deep elf mage casts a spell at you.
The stone arrow hits you!!!
You die...

,,,,,.............?........W#
,,,,,,.....[,..........)...E#
,*****#...#**##############.#
,* #...# #E# ,* #...# #p# ,*
#...#################z# ,*
#...................e.# ,*
#..........e.....W.W..# ,*
#.........@#*.....?...# ,*
#..####....#*.<.####### ,*
#..# #....#*..,* ,*****#..#
#....#*,,,* ,,,,,,...#
#....#*,,,*******
,,,,,....***#....#*,,,,,,,,,*
,,,,...,,,,,......,,,,,,,,,,*
,,,,,,,,,,,........,,,,,,,,,*
,*****,,,*######....,,,,,,,,*


You could see a phantasmal warrior (wandering) and a deep elf mage.

Vanquished Creatures
  A minotaur (Gauntlet)
  A death ooze (Gauntlet)
  2 fire dragons
  Fannar (Lair:2)
  6 hydras
  A vault guard (D:13)
  6 centaur warriors
  A two-headed ogre (D:13)
  2 death yaks (Lair:6)
  Urug (D:11)
  A wizard (D:14)
  3 unseen horrors
  3 lindwurms (Lair:6)
  3 ugly things
  4 deep elf magi
  2 cyclopes (D:12)
  3 centaur zombies
  5 elephants
  Maurice (D:8)
  2 manticores
  An ice statue (Gauntlet)
  5 black mambas
  4 torpor snails (Lair:6)
  7 spiny frogs
  5 gargoyles
  4 rime drakes
  6 komodo dragons
  A red devil (D:12)
  A troll (D:12)
  2 tyrant leeches (Lair:6)
  A polar bear (Lair:4)
  4 hornets (Lair:6)
  4 merfolk (Lair:2)
  11 dream sheep
  16 blink frogs
  4 hippogriffs
  A centaur simulacrum (Gauntlet)
  2 wyverns
  A water elemental (D:12)
  A wraith (D:14)
  4 hogs (D:12)
  21 yaks
  A human (D:12)
  3 basilisks
  4 vampire mosquitoes (D:13)
  A basilisk (shapeshifter) (D:13)
  A warg (D:10)
  A harpy simulacrum (Gauntlet)
  An acid dragon (D:14)
  12 water moccasins
  4 porcupines
  4 orc warriors
  2 ice beasts
  3 sky beasts
  3 phantoms
  An eye of draining (D:12)
  A necrophage (D:8)
  6 ogres
  10 wolves
  10 centaurs
  5 crocodiles
  A big kobold (D:11)
  A wyvern zombie (D:5)
  8 bullfrogs
  4 scorpions
  A hornet simulacrum (Gauntlet)
  3 killer bees (D:10)
  3 howler monkeys
  4 electric eels
  2 bullfrog zombies
  3 crimson imps
  2 quasits (D:11)
  6 jellies
  9 hounds
  2 centaur skeletons
  5 gnoll shamans (D:4)
  4 orc priests
  A bullfrog skeleton (D:3)
  14 orc wizards
  Ijyb (D:3)
  Terence (D:2)
  4 iguanas
  10 worker ants
  5 hell rats
  A killer bee zombie (D:7)
  A hound skeleton (D:5)
  36 gnolls
  20 adders
  3 shadow imps
  5 oozes
  An adder skeleton (D:10)
  2 worms
  A dart slug (D:4)
  7 leopard geckos
  41 orcs
  6 bats
  2 giant cockroaches (D:3)
  6 goblins
  8 hobgoblins
  24 jackals
  2 quokkas
  10 frilled lizards
  A jackal skeleton (D:5)
  8 kobolds
  A leopard gecko skeleton (D:4)
  A quokka skeleton (D:5)
  9 rats
  2 plants (Lair:6)
520 creatures vanquished.

Vanquished Creatures (collateral kills)
  Harold (D:9)
  3 hydras
  A death knight (D:13)
  A catoblepas (Lair:6)
  A death yak (Lair:6)
  A manticore (Lair:6)
  A black mamba (Lair:4)
  2 spiny frogs (Lair:1)
  4 torpor snails (Lair:6)
  3 komodo dragons
  A rime drake (Lair:6)
  2 tyrant leeches (Lair:6)
  3 red devils (D:12)
  A troll (D:9)
  3 hornets
  A hippogriff (Lair:6)
  12 dream sheep
  7 blink frogs
  A shadow (D:13)
  7 yaks
  A basilisk (Lair:2)
  A hungry ghost (D:11)
  A wyvern (D:9)
  An acid dragon (D:13)
  4 water moccasins
  3 porcupines
  A sky beast (D:7)
  An ice beast (D:6)
  An orc warrior (D:8)
  An ogre (D:8)
  A necrophage (D:9)
  2 phantoms
  2 wolves
  3 centaurs (D:13)
  4 crocodiles
  3 bullfrogs
  2 hounds (D:9)
  3 jellies
  A gnoll shaman (D:8)
  5 orc priests
  2 orc wizards
  A centaur skeleton (D:9)
  A worker ant (D:13)
  A hell rat (Lair:6)
  2 adders
  13 orcs
  3 kobolds (D:11)
  A ball python (D:5)
  2 fungi
  A plant (Lair:4)
124 creatures vanquished.

Vanquished Creatures (others)
  22 fungi
  19 plants
  2 withered plants (Gauntlet)
43 creatures vanquished.

Grand Total: 687 creatures vanquished

Notes
Turn   | Place    | Note
-------+----------+-------------------------------------------
     0 | D:1      | pianissimo the Octopode Conjurer began the quest for the
                  | Orb.
     0 | D:1      | Reached XP level 1. HP: 11/11 MP: 3/3
   171 | D:1      | Reached skill level 1 in Fighting
   201 | D:1      | Reached XP level 2. HP: 18/18 MP: 3/5
   205 | D:1      | Learned a level 2 spell: Searing Ray
  1170 | D:1      | Reached XP level 3. HP: 18/24 MP: 1/6
  1542 | D:2      | Found a faded altar of an unknown god.
  1878 | D:2      | Reached XP level 4. HP: 30/30 MP: 0/7
  1950 | D:2      | Found a radiant altar of Vehumet.
  2517 | D:2      | Found a radiant altar of Vehumet.
  2556 | D:2      | Found a faded altar of an unknown god.
  2774 | D:2      | Learned a level 3 spell: Dazzling Spray
  2775 | D:3      | Noticed Terence
  2903 | D:2      | Killed Terence
  3421 | D:3      | Reached XP level 5. HP: 36/36 MP: 2/8
  3992 | D:3      | Reached skill level 1 in Staves
  4264 | D:3      | Reached XP level 6. HP: 36/43 MP: 3/9
  4348 | D:3      | Found an opulent altar of Gozag.
  4643 | D:3      | Noticed Ijyb
  4645 | D:3      | Paralysed by Ijyb for 3 turns
  4943 | D:4      | Found Idumer's General Store.
  4952 | D:4      | Noticed a phantom
  5047 | D:4      | Learned a level 2 spell: Call Imp
  5141 | D:4      | Found a staircase to the Ecumenical Temple.
  5147 | Temple   | Entered the Ecumenical Temple
  5661 | D:4      | Bought 3 curare-tipped darts for 18 gold pieces
  5661 | D:4      | Bought a potion of curing for 30 gold pieces
  5661 | D:4      | Bought a scroll of fog for 20 gold pieces
  5661 | D:4      | Bought 2 throwing nets for 60 gold pieces
  5697 | D:4      | Reached skill level 1 in Summonings
  5873 | D:4      | Reached XP level 7. HP: 42/48 MP: 10/10
  7444 | D:4      | Reached XP level 8. HP: 54/54 MP: 9/14
  8011 | D:4      | Reached skill level 5 in Fighting
  8092 | D:4      | Learned a level 3 spell: Call Canine Familiar
  8097 | D:4      | Learned a level 4 spell: Summon Lightning Spire
  8133 | D:5      | Entered Level 5 of the Dungeon
  8426 | D:5      | Reached skill level 1 in Air Magic
  8976 | D:5      | Found a burning altar of Makhleb.
  8980 | D:5      | Found a hazy altar of Hepliaklqana.
  8981 | D:5      | Found a shattered altar of Ashenzari.
  8981 | D:5      | Found an ancient bone altar of Kikubaaqudgha.
  8997 | D:5      | Reached skill level 5 in Dodging
  9199 | D:5      | Found an ornate altar of the Wu Jian Council.
 10035 | D:5      | Reached XP level 9. HP: 61/62 MP: 15/15
 10207 | D:6      | Reached skill level 1 in Shields
 10499 | D:6      | Found a stormy altar of Qazlal.
 12216 | D:6      | Reached skill level 5 in Summonings
 12359 | D:7      | Found an iron altar of Okawaru.
 12359 | D:7      | Found a glowing silver altar of Zin.
 12360 | D:7      | Found a shimmering altar of Xom.
 12364 | D:7      | Became a worshipper of Warmaster Okawaru
 12625 | D:7      | Found a glowing golden altar of the Shining One.
 12776 | D:7      | Reached skill level 1 in Invocations
 13651 | D:4      | Bought a wand of disintegration (16) for 200 gold pieces
 14305 | D:3      | Killed Ijyb
 14618 | D:3      | Found an opulent altar of Gozag.
 14888 | D:8      | Reached skill level 1 in Evocations
 14990 | D:8      | Reached * piety under Okawaru
 15270 | D:8      | Reached XP level 10. HP: 59/71 MP: 12/16
 15571 | D:8      | Noticed Maurice
 15584 | D:8      | Killed Maurice
 15773 | D:8      | Reached ** piety under Okawaru
 16089 | D:8      | Noticed an orange crystal statue
 16545 | D:9      | Noticed Harold
 16551 | D:8      | Reached skill level 1 in Polearms
 17445 | D:9      | Killed Harold
 17693 | D:9      | Found a staircase to the Lair.
 17726 | D:9      | Reached *** piety under Okawaru
 17981 | D:9      | Learned a level 1 spell: Animate Skeleton
 17983 | D:9      | Learned a level 1 spell: Apportation
 18547 | D:9      | Learned a level 1 spell: Confusing Touch
 18548 | D:10     | Entered Level 10 of the Dungeon
 19108 | D:10     | Found a staircase to the Orcish Mines.
 19126 | D:10     | Reached skill level 1 in Necromancy
 19435 | D:10     | Noticed a green ugly thing
 19447 | D:10     | Killed a green ugly thing
 19447 | D:10     | Reached skill level 1 in Hexes
 19447 | D:10     | Reached XP level 11. HP: 26/77 MP: 4/18
 20349 | D:11     | Reached **** piety under Okawaru
 21187 | D:11     | Noticed Urug
 21202 | D:11     | Killed Urug
 21465 | D:11     | Reached skill level 1 in Maces & Flails
 22141 | D:4      | Bought 3 scrolls of magic mapping for 105 gold pieces
 22254 | Lair:1   | Entered Level 1 of the Lair of Beasts
 22439 | Lair:1   | Noticed a five-headed hydra
 22570 | Lair:1   | Reached skill level 5 in Spellcasting
 22570 | Lair:1   | Reached skill level 5 in Evocations
 22909 | Lair:1   | Killed a five-headed hydra
 22909 | Lair:1   | Reached ***** piety under Okawaru
 23711 | Lair:2   | Noticed Fannar
 23727 | Lair:2   | Killed Fannar
 23730 | Lair:2   | Reached skill level 5 in Maces & Flails
 24087 | Lair:2   | Found a staircase to the Shoals.
 25155 | Lair:2   | Reached XP level 12. HP: 63/84 MP: 12/19
 25579 | Lair:2   | Found a staircase to the Shoals.
 26462 | Lair:3   | Received a gift from Okawaru
 26576 | Lair:3   | Identified a scroll of acquirement
 26839 | Lair:3   | Noticed Rupert
 27084 | Lair:3   | Learned a level 3 spell: Mephitic Cloud
 27486 | Lair:3   | Reached skill level 1 in Poison Magic
 27570 | Lair:3   | Received a gift from Okawaru
 27855 | Lair:3   | Learned a level 3 spell: Regeneration
 28193 | Lair:4   | Reached skill level 1 in Charms
 28519 | Lair:4   | Received a gift from Okawaru
 28522 | Lair:4   | Got a shimmering buckler {god gift}
 28536 | Lair:4   | Identified the +0 buckler of Okawaru's Generosity {Str+2}
                  | (Okawaru gifted it to you on level 4 of the Lair of Beasts)
 28571 | Lair:4   | Reached skill level 5 in Invocations
 29448 | Lair:4   | Reached XP level 13. HP: 86/89 MP: 14/21
 29769 | Lair:4   | Reached skill level 10 in Dodging
 30499 | Lair:5   | Got a translucent short sword
 30772 | Lair:5   | Reached skill level 10 in Maces & Flails
 31329 | Lair:6   | Entered Level 6 of the Lair of Beasts
 31505 | Lair:6   | Found a runed translucent door.
 31510 | Lair:6   | Found a viscous altar of Jiyva.
 31511 | Lair:6   | Found a staircase to the Slime Pits.
 32413 | Lair:6   | Received a gift from Okawaru
 34800 | Lair:6   | Reached XP level 14. HP: 97/97 MP: 16/23
 35227 | Lair:6   | Found a runed translucent door.
 35361 | Lair:6   | Received a gift from Okawaru
 36313 | D:12     | Reached skill level 5 in Shields
 36699 | D:12     | Received a gift from Okawaru
 36847 | D:12     | Reached skill level 10 in Fighting
 38210 | D:13     | Received a gift from Okawaru
 39101 | D:13     | Found a gate to the Vaults.
 39482 | D:14     | Noticed Josephine
 39531 | D:14     | Reached XP level 15. HP: 101/106 MP: 26/26
 39609 | D:14     | Found a gate leading to a gauntlet.
 39618 | Gauntlet | Entered a Gauntlet
 39618 | Gauntlet | Found a transporter.
 39618 | Gauntlet | Found a transporter.
 39633 | Gauntlet | Found a transporter.
 39636 | Gauntlet | Found a transporter.
 39636 | Gauntlet | Found a transporter.
 39638 | Gauntlet | Found a transporter.
 39646 | Gauntlet | Found a transporter.
 39650 | Gauntlet | Found a transporter.
 39660 | Gauntlet | Found a transporter.
 39765 | Gauntlet | Found a transporter.
 39767 | Gauntlet | Found a transporter.
 39777 | Gauntlet | Found a transporter.
 40118 | Gauntlet | Learned a level 5 spell: Silence
 40221 | Gauntlet | Identified the +5 short sword "Boocianka" {venom, Str+3}
                  | (You found it on level 5 of the Lair of Beasts)
 40475 | D:14     | Killed from afar by a deep elf mage

Levels and vault maps discovered:
D:1:      elethiomel_arrival_quiet, layout_basic
D:2:      layout_basic, vehumet_crystals, first_ration,
          chequers_ecumenical_altar_simple_redux, minmay_lizard_king
D:3:      layout_basic, marbit_many_paths, kennysheep_generic_room_3,
          uniq_terence, uniq_ijyb
D:4:      lemuel_castle_with_subvaults [lemuel_castle_interior_carwin_1],
          layout_basic, temple_doors_e, serial_shops, nicolae_shop_trees
D:5:      layout_basic, nicolae_overflow_hidden_temple,
          grunt_temple_overflow_open
D:6:      layout_loops_cross, grunt_qazlal_sundering
D:7:      layout_gridville, nicolae_overflow_quartered_altars, minmay_holes,
          minmay_misc_feat_roman
D:8:      statuecave_lemuel, layout_cave_pools, minmay_quadrilaterals,
          uniq_maurice
D:9:      layout_rooms, erik_lair_island, kennysheep_generic_room_5, uniq_harold
D:10:     layout_stronghold, david_orc_3
D:11:     layout_roguey, roderic_serpentine_path, uniq_urug
D:12:     layout_roguey, serial_bayou, serial_bayou_pond_d, serial_bayou_pond_c,
          serial_bayou_crossing, serial_bayou_shore_a, grunt_livestock,
          einodemon_armed_red_devil_minivault
D:13:     layout_roguey, david_vaults_5
D:14:     layout_small_grid, gauntlet_entry_generic, uniq_josephine
Temple:   minmay_temple_curvy_loop
Lair:1:   layout_hall_layers, beast_lair_carwin_5
Lair:2:   layout_regular_city, elwin_shoals_entry_stream, grunt_megastairs_4,
          uniq_fannar
Lair:3:   layout_roguey, spider_nest_entry_funnel_web, uniq_rupert
Lair:4:   layout_roguey, chequers_serial_rivers_large_a, minivault_26,
          cheibrodos_lair_reptile_den, lemuel_fruit_tree,
          minmay_lair_oklob_chamber, grunt_megastairs_2
Lair:5:   layout_misc_corridors
Lair:6:   hangedman_lair_in_review, layout_regular_city, wormcave, slime_altar_2

Skill      XL: |  1  2  3  4  5  6  7  8  9 10 11 12 13 14 15 |
---------------+----------------------------------------------+-----
Fighting       | 1 2 3 4 6 8 9 11 | 11.3
Dodging        | 3 4 5 6 7 8 9 11 | 11.0
Staves         | 2 3 |  3.2
Summonings     | 1 3 4 5 7 8 |  8.0
Spellcasting   | 4 5 6 7 8 |  8.0
Air Magic      | 2 3 4 |  4.0
Shields        | 1 3 7 |  7.9
Invocations    | 2 4 5 |  5.5
Evocations     | 1 3 6 7 |  7.0
Polearms       | 3 4 |  4.6
Necromancy     | 1 2 |  2.0
Hexes          | 1 |  1.4
Maces & Flails | 5 9 11 | 11.8
Poison Magic   | 1 |  1.1
Charms         | 2 |  2.0
Stealth        | |  2.6
Conjurations   | |  4.0

Action                   |  1- 3 |  4- 6 |  7- 9 | 10-12 | 13-15 || total
-------------------------+-------+-------+-------+-------+-------++-------
Melee: Unarmed           |     4 |       |       |       |       ||     4
       Tentacles         |     5 |    16 |    78 |   102 |   149 ||   350
       Constrict         |     4 |    20 |    73 |    75 |    79 ||   251
       Dagger            |     5 |    14 |       |       |       ||    19
       Quarterstaff      |       |    57 |    49 |       |       ||   106
       Spear             |       |       |   384 |   297 |       ||   681
       Punch             |       |       |       |     3 |    17 ||    20
       Eveningstar       |       |       |       |   235 |   630 ||   865
 Fire: Hunting sling     |       |    64 |       |       |       ||    64
Throw: Dart              |       |       |     4 |     4 |     1 ||     9
 Cast: Magic Dart        |    61 |    93 |    50 |     5 |       ||   209
       Searing Ray       |       |     1 |       |       |       ||     1
       Call Imp          |       |       |    44 |    51 |     6 ||   101
       Call Canine Famil |       |       |    26 |    34 |    11 ||    71
       Summon Lightning  |       |       |       |    31 |    47 ||    78
       Animate Skeleton  |       |       |       |    20 |    39 ||    59
       Apportation       |       |       |       |       |    17 ||    17
       Regeneration      |       |       |       |       |    10 ||    10
Invok: Heroism           |       |       |       |    31 |    39 ||    70
Evoke: Wand              |       |       |       |    27 |    30 ||    57
       Phial of floods   |       |       |       |       |     1 ||     1
  Use: Scroll            |       |     3 |    11 |    11 |    21 ||    46
       Potion            |       |       |     1 |     3 |     4 ||     8
 Stab: Sleeping          |     1 |     4 |    12 |     9 |     9 ||    35
       Distracted        |       |       |     7 |    10 |    11 ||    28
       Paralysed         |       |       |       |    15 |     2 ||    17
  Eat: Chunk             |     4 |    13 |    24 |    31 |    30 ||   102
       Ration            |       |       |     3 |     7 |     4 ||    14
Armor: Skin              |       |     2 |     7 |    10 |    10 ||    29
Dodge: Dodged            |     9 |    58 |   182 |   294 |   341 ||   884
Block: Buckler           |       |       |    34 |   139 |   195 ||   368

Table legend:
 A = Non-vault XP
 B = Vault XP
 C = Vault XP percentage of total XP
 D = Non-vault monster count
 E = Vault monster count
 F = Vault count percentage of total count
                 A         B        C        D         E       F
            +---------+---------+-------+---------+---------+-------
      Total |   57702 |   36774 |  38.9 |     450 |     189 |  29.6
            +---------+---------+-------+---------+---------+-------
        D:1 |      45 |       0 |   0.0 |      19 |       0 |   0.0
        D:2 |      44 |      44 |  50.0 |      17 |       7 |  29.2
        D:3 |     339 |      27 |   7.4 |      31 |       4 |  11.4
        D:4 |     293 |     819 |  73.7 |      18 |      53 |  74.6
        D:5 |     975 |       0 |   0.0 |      30 |       0 |   0.0
        D:6 |    1035 |       0 |   0.0 |      30 |       0 |   0.0
        D:7 |     507 |       0 |   0.0 |      14 |       0 |   0.0
        D:8 |    1311 |     624 |  32.2 |      30 |       6 |  16.7
        D:9 |     322 |    1852 |  85.2 |       8 |      13 |  61.9
       D:10 |    1121 |     180 |  13.8 |      16 |       6 |  27.3
       D:11 |    1889 |     827 |  30.4 |      24 |       1 |   4.0
       D:12 |    6107 |    1938 |  24.1 |      31 |       9 |  22.5
       D:13 |    9369 |    7220 |  43.5 |      46 |      14 |  23.3
       D:14 |    4609 |       0 |   0.0 |       9 |       0 |   0.0
     Lair:1 |    2443 |    1082 |  30.7 |       9 |       6 |  40.0
     Lair:2 |    1190 |    2565 |  68.3 |       9 |       9 |  50.0
     Lair:3 |    5175 |       0 |   0.0 |      23 |       0 |   0.0
     Lair:4 |    6521 |    2107 |  24.4 |      28 |      11 |  28.2
     Lair:5 |    3570 |       0 |   0.0 |      13 |       0 |   0.0
     Lair:6 |   10837 |   13524 |  55.5 |      45 |      42 |  48.3
   Gauntlet |       0 |    3965 | 100.0 |       0 |       8 | 100.0
            +---------+---------+-------+---------+---------+-------
